 Dungeon Crawl Stone Soup version 0.27.1-4-g1640c2035a (webtiles) character file.

Game seed: 18015446234415651373

2842 safid the Cleaver (level 9, 0/82 HPs)
             Began as a Hill Orc Fighter on Oct 1, 2021.
             Was an Initiate of Beogh.
             Killed by divine providence
             ... invoked by an orc priest
              (13 damage)
             ... on level 7 of the Dungeon on Nov 12, 2021.
             The game lasted 00:21:57 (7172 turns).

safid the Cleaver (Hill Orc Fighter)                Turns: 7172, Time: 00:21:57

Health: 0/82       AC: 16    Str: 22    XL:     9   Next: 74%
Magic:  9/9        EV:  6    Int:  8    God:    Beogh [......]
Gold:   336        SH: 11    Dex: 15    Spells: 8/8 levels left

rFire    . . .     SeeInvis +   b - +6 spear "Zulu" {vorpal, rCorr Dex+5}
rCold    + . .     Faith    .   c - +0 kite shield
rNeg     + . .     Spirit   .   B - +1 chain mail {rC+}
rPois    .         Reflect  .   y - +1 helmet
rElec    .         Harm     .   d - +0 cloak
rCorr    +         Rampage  .   (no gloves)
Will     .....                  g - +0 pair of boots
Stlth    ..........             (no amulet)
HPRegen  0.23/turn              j - ring of see invisible
MPRegen  0.11/turn              m - ring of positive energy

@: no status effects
A: no striking features
a: Renounce Religion


You were on level 7 of the Dungeon.
You worshipped Beogh.
Beogh was noncommittal.
You visited 1 branch of the dungeon, and saw 7 of its levels.
You also visited: Sewer.

You collected 336 gold pieces.

Inventory:

Hand Weapons
 a - a +0 war axe
 b - the +6 spear "Zulu" (weapon) {vorpal, rCorr Dex+5}
   (You found it on level 4 of the Dungeon)

   It inflicts extra damage upon your enemies.
   Dex:       It affects your dexterity (+5).
   rCorr:     It protects you from acid and corrosion.
Missiles
 k - 5 javelins (quivered)
 D - 3 poisoned darts
 G - a curare-tipped dart
Armour
 c - a +0 kite shield (worn)
 d - a +0 cloak (worn)
 g - a +0 pair of boots (worn)
 y - a +1 helmet (worn)
 B - a +1 chain mail of cold resistance (worn)
Jewellery
 j - a ring of see invisible (left hand)
 m - a ring of positive energy (right hand)
Wands
 u - a wand of iceblast (12)
 v - a wand of mindburst (19)
 J - a wand of digging (4)
Scrolls
 f - 4 scrolls of teleportation
 i - a scroll of magic mapping {unknown}
 o - a scroll of fog
 s - a scroll of noise {unknown}
 t - a scroll of amnesia
 w - a scroll of fear
 C - a scroll of enchant armour {unknown}
 F - a scroll of blinking {unknown}
 H - a scroll of holy word {unknown}
 I - a scroll of identify {unknown}
Potions
 e - 5 potions of curing
 h - 2 potions of haste {unknown}
 l - a potion of invisibility
 n - 3 potions of flight {unknown}
 p - 3 potions of mutation {unknown}
 q - a potion of heal wounds
 r - a potion of magic {unknown}
 x - 2 potions of might
 z - a potion of berserk rage {unknown}
 A - a potion of attraction {unknown}
 E - 2 potions of cancellation {unknown}
 K - a potion of degeneration {unknown}
Miscellaneous
 L - a piece from Xom's chessboard (15/15)


   Skills:
 + Level 8.6 Fighting
 + Level 9.0 Axes
 + Level 7.9 Armour
 + Level 7.9 Shields


You had 8 spell levels left.
You didn't know any spells.
Your spell library contained the following spells:

 Spells                   Type           Power      Damage    Failure   Level
 Foxfire                  Conj/Fire      0%         2x1d4     100%        1
 Static Discharge         Conj/Air       0%         N/A       100%        2
 Conjure Flame            Conj/Fire      0%         6-21      100%        3
 Inner Flame              Hex/Fire       0%         N/A       100%        3
 Dispel Undead            Necr           0%         3d6       100%        4
 Hailstorm                Conj/Ice       0%         3d3       100%        4
 Ice Form                 Ice/Tmut       0%         N/A       100%        4
 Sticky Flame             Conj/Fire      0%         2d3       100%        4
 Simulacrum               Ice/Necr       0%         N/A       100%        6


Dungeon Overview and Level Annotations

Branches:
Dungeon (7/15)              Sewer (visited)
 Temple: D:4-7

Altars:
Hepliaklqana
Makhleb
Ru
Wu Jian


Message History

The orc is almost dead.
The orc hits you but does no damage.
Unknown command.
You puncture the orc!
You kill the orc!
Beogh accepts your kill.
The orc wizard hits the orc priest with a +0 dagger.
Unknown command.
You hit the orc priest but do no damage.
The orc priest is lightly wounded.
You block the orc priest's attack.
The orc wizard hits the orc priest with a +0 dagger.
Unknown command.
You barely miss the orc priest.
The orc priest is moderately wounded.
The orc priest hits you but does no damage.
The orc wizard barely misses the orc priest.
Unknown command.
You hit the orc priest but do no damage.
The orc priest is moderately wounded.
The orc priest completely misses you.
The orc wizard hits the orc priest with a +0 dagger.
Unknown command.
You catch the helpless orc priest completely off-guard!
You hit the orc priest but do no damage.
The orc priest is heavily wounded.
The orc priest hits you but does no damage.
The orc wizard completely misses the orc priest.
Unknown command.
You hit the orc priest but do no damage.
The orc priest is heavily wounded.
The orc priest hits you but does no damage.
The orc wizard hits the orc priest with a +0 dagger.
Unknown command.
You hit the orc priest.
The orc priest is almost dead.
The orc priest calls down the wrath of Beogh upon you.
Beogh smites you!
You die...
Beogh appreciates the orc priest's killing of a heretic priest.

##.##....# .. #.## ......
##.##....# #.# #..###......
##.##....# #.. #...........
##.##....####.####...))......
##..............))...).......
##...#########.###...........
.....#########..##...........
...<.........##.##...........
#........(......@o...##......
#.............#.o#...# ......
#.............##.#...# ......
..............##.#...# #...
#.............##.#...#
#.###.........##.#.o.# #.#
#.........##.#..##
#.###.........##....#
..............#


You could see an orc priest and a neutral orc wizard (wandering).

Vanquished Creatures
  Pikel (D:6)
  Grinder (D:4)
  Sigmund (D:4)
  A wyvern (D:7)
  Edmund (D:4)
  A water moccasin (D:5)
  2 ogres
  2 necrophages
  A black bear (D:6)
  A centaur (D:6)
  2 kobold brigands (Sewer)
  A bullfrog (D:6)
  3 scorpions
  A wyvern skeleton (D:6)
  A water moccasin skeleton (D:4)
  Crazy Yiuf (D:4)
  2 hounds (D:5)
  A bullfrog zombie (D:7)
  A jelly (D:6)
  2 orc priests (D:7)
  2 centaur zombies
  A centaur skeleton (D:6)
  An iguana (D:3)
  Ijyb (D:4)
  An orc wizard (D:7)
  A killer bee zombie (D:5)
  A hound skeleton (D:4)
  Robin (D:4)
  A howler monkey zombie (D:5)
  9 adders
  A howler monkey skeleton (D:4)
  3 shadow imps
  An ufetubus (D:6)
  An adder skeleton (D:3)
  6 worms
  8 orcs
  9 endoplasms
  3 giant cockroaches
  14 goblins
  11 hobgoblins
  3 jackals (D:1)
  4 quokkas
  8 ball pythons
  8 bats
  5 frilled lizards
  10 kobolds
  2 rats
143 creatures vanquished.

Vanquished Creatures (others)
  An orc (D:7)
1 creature vanquished.

Grand Total: 144 creatures vanquished

Notes
Turn   | Place    | Note
-------+----------+-------------------------------------------
     0 | D:1      | safid the Hill Orc Fighter began the quest for the Orb.
     0 | D:1      | Reached XP level 1. HP: 19/19 MP: 1/1
    86 | D:1      | Found a faded altar of an unknown god.
   385 | D:1      | Reached XP level 2. HP: 25/27 MP: 2/2
   456 | D:1      | Reached skill level 3 in Axes
   803 | D:2      | Reached XP level 3. HP: 33/33 MP: 3/3
  1785 | D:3      | Found a burning altar of Makhleb.
  1885 | D:3      | Reached XP level 4. HP: 30/41 MP: 4/4
  2232 | D:3      | Found a large runed translucent door.
  2232 | D:3      | Found a large runed translucent door.
  2425 | D:3      | Found a hazy altar of Hepliaklqana.
  2440 | D:3      | Found an ornate altar of the Wu Jian Council.
  2465 | D:4      | Noticed Sigmund
  2470 | D:4      | Reached skill level 4 in Axes
  2474 | D:4      | Killed Sigmund
  2475 | D:4      | Reached skill level 5 in Fighting
  2475 | D:4      | Reached XP level 5. HP: 23/48 MP: 5/5
  2475 | D:4      | Reached XP level 6. HP: 27/56 MP: 6/6
  2761 | D:4      | Noticed Ijyb
  2770 | D:4      | Killed Ijyb
  2771 | D:4      | Reached skill level 5 in Axes
  3143 | D:4      | Identified the +6 spear "Zulu" {vorpal, rCorr Dex+5}
  3159 | D:4      | Noticed Edmund
  3161 | D:4      | Noticed Grinder
  3186 | D:4      | Killed Edmund
  3187 | D:4      | Reached skill level 5 in Armour
  3187 | D:4      | Reached skill level 5 in Shields
  3187 | D:4      | Reached XP level 7. HP: 29/61 MP: 7/7
  3196 | D:4      | Paralysed by Grinder for 7 turns
  3203 | D:4      | Killed Grinder
  3515 | D:4      | Noticed Robin
  3550 | D:4      | Killed Robin
  3554 | D:4      | Reached skill level 6 in Axes
  4001 | D:4      | Found a runed translucent door.
  4002 | D:4      | Noticed Crazy Yiuf
  4009 | D:4      | Killed Crazy Yiuf
  4269 | D:4      | Upgraded the game from 0.27.1-2-g3b301248ec to
                  | 0.27.1-4-g1640c2035a
  4317 | D:5      | Entered Level 5 of the Dungeon
  4378 | D:5      | Found a glowing drain.
  4425 | Sewer    | Entered a sewer
  4545 | Sewer    | Reached XP level 8. HP: 58/71 MP: 8/8
  5253 | D:5      | Reached skill level 7 in Axes
  5963 | D:6      | Reached XP level 9. HP: 64/79 MP: 9/9
  6294 | D:6      | Reached skill level 8 in Axes
  6369 | D:6      | Found a sacrificial altar of Ru.
  6468 | D:6      | Noticed Pikel
  6493 | D:6      | Killed Pikel
  7061 | D:7      | Became a worshipper of Beogh the Brigand
  7089 | D:7      | Reached skill level 9 in Axes
  7172 | D:7      | Killed from afar by an orc priest

Illustrated notes

Levels and vault maps discovered:
D:1:      giann_wishing_wells, layout_basic,
          hellmonk_ecumenical_altar_leap_of_faith, serial_bayou_pond_e
D:2:      layout_loops_corners, minmay_crystal_water
D:3:      layout_rooms, nicolae_overflow_crystal_walls, jmf_multi_god_temple2,
          serial_glass, glass_columns_c, glass_columns_a
D:4:      layout_basic, uniq_robin, uniq_edmund, uniq_sigmund, uniq_grinder,
          uniq_crazy_yiuf_cottage, uniq_ijyb
D:5:      layout_gridville, gup_sewer_entry_glass, minmay_between
D:6:      layout_cave_pools, kennysheep_mini, minivault_1,
          hellmonk_bongcloud_opening, uniq_pikel
D:7:      layout_basic, minmay_temple_entry_proselytizer, fountainhead

Skill      XL: |  1  2  3  4  5  6  7  8  9 |
---------------+----------------------------+-----
Axes           | 3 4 5 6 7 9 |  9.0
Fighting       | 4 5 6 7 8 |  8.6
Shields        | 4 5 6 7 |  7.9
Armour         | 4 5 6 7 |  7.9

Action                   |  1- 3 |  4- 6 |  7- 9 || total
-------------------------+-------+-------+-------++-------
Melee: War axe           |   107 |    69 |       ||   176
       Spear             |       |    19 |   339 ||   358
Throw: Javelin           |       |     5 |     5 ||    10
       Dart              |       |       |     5 ||     5
Invok: Convert to Beogh  |       |       |     1 ||     1
Evoke: Wand              |       |     5 |     1 ||     6
  Use: Potion            |       |     4 |     1 ||     5
       Scroll            |       |       |     4 ||     4
 Stab: Invisible         |       |     1 |     4 ||     5
       Distracted        |       |       |     1 ||     1
Armor: Scale mail        |    68 |    35 |       ||   103
       Plate armour      |       |     7 |    41 ||    48
       Chain mail        |       |       |   105 ||   105
Dodge: Dodged            |    28 |    22 |    53 ||   103
Block: Kite shield       |    56 |    58 |   165 ||   279
